 Dungeon Crawl Stone Soup version 0.32-a0-685-g93135e86f0 (console) character file.

Game seed: 10717745904651868804

68 zenocrate the Sneak (level 4, -5/28 HPs)
             Began as an Octopode Earth Elementalist on Mar 12, 2024.
             Slain by an orc
             ... wielding a +0 trident
              (6 damage)
             ... on level 3 of the Dungeon.
             The game lasted 00:02:36 (2058 turns).

zenocrate the Sneak (Octopode Earth Elementalist)   Turns: 2058, Time: 00:02:37

Health: -5/28      AC:  3    Str:  7    XL:     4   Next: 19%
Magic:  7/7        EV: 13    Int: 17    God:
Gold:   134        SH:  0    Dex: 14    Spells: 3/7 levels left

rFire   . .          .
                       - Unarmed
rCold   . . .        (no shield)
rNeg    . . .        (helmet restricted)
rPois   .            (no amulet)
rElec   .            e - ring of resist corrosion
rCorr   +            (no ring)
SInv    .            (no ring)
Will    .....        (no ring)
Stlth   +++          (no ring)
HPRegen 0.24/turn    (no ring)
MPRegen 0.10/turn    (no ring)
                     (no ring)

%: no passive effects
@: no status effects
A: almost no armour, amphibious, 8 rings, camouflage 1, gelatinous body 1,
(nimble swimmer 1), tentacles, iridescent scales 1, no potion heal 1
a: no special abilities


You were on level 3 of the Dungeon.
You visited 1 branch of the dungeon, and saw 3 of its levels.

You collected 134 gold pieces.

Inventory:

Jewellery
 e - a ring of resist corrosion (left tentacle)
Scrolls
 b - a scroll of noise {unknown}
 d - 2 scrolls of enchant weapon
Potions
 a - a potion of magic


   Skills:
 * Level 1.4 Fighting
 + Level 2.4 Dodging
 + Level 3.3 Stealth
 + Level 1.1 Unarmed Combat
 + Level 2.3 Spellcasting
 + Level 1.5 Conjurations
 + Level 3.2 Earth Magic


You had 3 spell levels left.
You knew the following spells:

 Your Spells              Type           Power      Damage    Failure   Level
a - Sandblast             Erth           26%        2d8       4%          1
b - Stone Arrow           Conj/Erth      20%        3d8       22%         3

Your spell library contained the following spells:

 Spells                   Type           Power      Damage    Failure   Level
 Passwall                 Erth           13%        N/A       14%         3
 Brom's Barrelling Bould  Conj/Erth      10%        2d3       56%         4
 Petrify                  Alch/Erth      7%         N/A       67%         4


Dungeon Overview and Level Annotations

Branches:
Dungeon (3/15)

Altars:

Annotations:
D:3 Sigmund


Innate Abilities, Weirdness & Mutations

You cannot wear most types of armour.
You are amphibious.
You can wear up to eight rings at the same time.
Your skin changes colour to match your surroundings (Stealth+).
Your rubbery body absorbs attacks. (AC +1, EV +1)
((You are camouflaged when in or above water. (Stealth+)))
You have tentacles for arms and can constrict up to eight enemies at once.
You are partially covered in iridescent scales. (AC +2)
Potions are less effective at restoring your health.


Message History

Sigmund gestures at you while chanting. The magic dart hits you.
The orc shouts!
There are monsters nearby!
A hobgoblin comes into view.
A dart slug comes into view.
There are monsters nearby!
There are monsters nearby!
A hound comes into view.
Sigmund hits you but does no damage.
The orc hits you from afar with a +0 trident.
Unknown command.
Sigmund casts a spell.
Sigmund flickers and vanishes!
Deactivating autopickup; reactivate with Ctrl-A.
The orc attacks as it pursues you! The orc closely misses you.
The hobgoblin shouts!
The hound barks!
As you read the scroll labelled TUNWIGI RE LUO, it crumbles to dust.
It is a scroll of identify.
c - 2 potions of curing The orc hits you from afar with a +0 trident.
The orc attacks as it pursues you! The orc barely misses you.
A puff of flame appears from out of thin air!
The puff of flame hits you!
* * * LOW HITPOINT WARNING * * *
You feel better.
The orc hits you from afar with a +0 trident!
* * * LOW HITPOINT WARNING * * *
The hound bites you but does no damage.
You feel better.
The orc hits you from afar with a +0 trident!
* * * LOW HITPOINT WARNING * * *
The hound bites you.
* * * LOW HITPOINT WARNING * * *
Okay, then.
It was a potion of mutation.
You feel extremely strange.
Your system partially rejects the healing effects of potions.
Iridescent scales grow over part of your body.
The hound barely misses you.
The orc hits you from afar with a +0 trident.
You die...

#..# ###########
#..# ..........#
##..# ..........#
#..##
..........###..#
..........#....###
.................#
.................#
###.#####.........#
##. ###...#......#
...####.......oh@<.#
...................#
####)..............#
#.(.....g.......#
#...............#
#..........##.###
#..........##.#
####..........##.#
..............#
#.##..........#
..##..........#


You could see a hound, an orc and a hobgoblin.

Vanquished Creatures
  An adder (D:2)
  A dart slug (D:2)
  2 ribbon worms (D:2)
  A ball python (D:2)
  4 bats
  9 endoplasms
  A giant cockroach (D:1)
  6 goblins
  2 hobgoblins
  4 jackals
  5 kobolds
  A quokka (D:2)
  3 frilled lizards
  10 rats
50 creatures vanquished.

Notes
Turn   | Place    | Note
-------+----------+-------------------------------------------
     0 | D:1      | zenocrate the Octopode Earth Elementalist began the quest
                  | for the Orb.
     0 | D:1      | Reached XP level 1. HP: 11/11 MP: 3/3
    75 | D:1      | Reached XP level 2. HP: 11/18 MP: 0/5
   286 | D:1      | Found a faded altar of an unknown god.
   609 | D:1      | Reached skill level 1 in Fighting
   609 | D:1      | Reached XP level 3. HP: 23/23 MP: 6/6
   613 | D:1      | Learned a level 3 spell: Stone Arrow
  1535 | D:2      | Reached skill level 1 in Unarmed Combat
  1569 | D:2      | Reached XP level 4. HP: 28/28 MP: 7/7
  2036 | D:3      | Noticed Sigmund
  2057 | D:3      | HP: 1/28 [hound (4)]
  2058 | D:3      | Gained mutation: Potions are less effective at restoring
                  | your health. [potion of mutation]
  2058 | D:3      | Gained mutation: You are partially covered in iridescent
                  | scales. (AC +2) [potion of mutation]
  2058 | D:3      | Slain by an orc

Illustrated notes

Levels and vault maps discovered:
D:1:      amcnicky_arrival_wind_blow, layout_basic,
          shapermc_ecumenical_altar_totnotflames
D:2:      layout_rooms, grunt_ministairs_11, minmay_between
D:3:      layout_rooms, nrook_campfire, uniq_jessica, uniq_sigmund

Skill      XL: |  1  2  3 |
---------------+----------+-----
Stealth        | 3 |  3.3
Fighting       | 1 |  1.4
Unarmed Combat | 1 |  1.1
Dodging        | |  2.4
Spellcasting   | |  2.3
Conjurations   | |  1.5
Earth Magic    | |  3.2

Action                     |  1- 3 |  4- 6 || total
---------------------------+-------+-------++-------
  Melee: Unarmed           |    65 |     7 ||    72
         Constrict         |    18 |     3 ||    21
         Tentacles         |    11 |     2 ||    13
   Cast: Sandblast         |    23 |     5 ||    28
    Use: Potion            |       |     3 ||     3
         Scroll            |       |     2 ||     2
   Stab: Sleeping          |     8 |       ||     8
 Armour: Skin              |    26 |    12 ||    38
  Dodge: Dodged            |    40 |     6 ||    46

Table legend: (Time is in decaauts)
 A = Elapsed time spent in this place.
 B = Non-inter-level travel time spent in this place.
 C = Inter-level travel time spent in this place.
 D = Time resting spent in this place.
 E = Time spent auto-exploring this place.
 F = Levels seen in this place.
 G = Mean time per level.
                   A        B        C        D        E       F      G
               +--------+--------+--------+--------+--------+-----+--------+
         Total |   2070 |   2016 |     54 |      0 |   1693 |   3 |  690.0 |
       Dungeon |   2070 |   2016 |     54 |      0 |   1693 |   3 |  690.0 |
               +--------+--------+--------+--------+--------+-----+--------+

Top non-repeatable levels by time:
     D:1: 1280 daAuts
     D:2: 710 daAuts
     D:3: 80 daAuts
